[Event "Titled Tuesday Blitz November 01 Early 2022"]
[White "Mayaud, Raphael"]
[Black "Selkirk, Rebecca"]
[WhiteFideId "627151"]
[BlackFideId "14306514"]
[WhiteElo "2191"]
[BlackElo "1649"]
[Result "1-0"]
[Round "11"]
[TimeControl "180+1"]
[Date "2022.11.02"]
[WhiteClock "0:00:11"]
[BlackClock "0:00:08"]

1. d4 d5 2. c4 c6 3. Nf3 Nf6 4. Nc3 e6 5. Bg5 h6 6. Bxf6 Qxf6 7. Qc2 dxc4 8. e4 b5 9. Be2 Bb7 10. O-O a6 11. a4 Qg6 12. Ne5 Qg5 13. f4 Qd8 14. f5 Qxd4+ 15. Kh1 Qxe5 16. fxe6 fxe6 17. Qd1 Bd6 18. Bh5+ Kd8 19. g3 Kc8 20. Rf7 Nd7 21. Qf3 c5 22. Re1 b4 23. Nd1 Nf6 24. Bg6 Rd8 25. Nf2 Qxb2 26. Ng4 Nxg4 27. Qxg4 Qd2 28. Qxe6+ Kb8 29. Ref1 Bc8 30. Qd5 Bb7 31. Qxd2 1-0


[Site "https://www.chess.com"]

[Event "Titled Tuesday Blitz November 01 Early 2022"]
[White "Namitbir Singh Walia"]
[Black "Koridze, Lile"]
[WhiteFideId "35071068"]
[BlackFideId "13612514"]
[WhiteElo "2239"]
[BlackElo "2050"]
[Result "0-1"]
[Round "11"]
[TimeControl "180+1"]
[Date "2022.11.02"]
[WhiteClock "0:00:10"]
[BlackClock "0:00:44"]

1. d4 Nf6 2. c4 e6 3. Nf3 d5 4. g3 Bb4+ 5. Bd2 Be7 6. Bg2 O-O 7. Qc2 c6 8. O-O Nbd7 9. b3 b6 10. Bc3 Ba6 11. Nbd2 c5 12. dxc5 Nxc5 13. Rfd1 Rc8 14. Qb2 Nce4 15. Nxe4 Nxe4 16. Bxg7 Re8 17. Rac1 Bc5 18. e3 Qe7 19. Bh6 f6 20. cxd5 Ba3 21. Qb1 Nc3 22. Rxc3 Rxc3 23. dxe6 Rec8 24. e4 Qxe6 25. Nd4 Qg4 26. e5 fxe5 27. Bd5+ Kh8 28. Nf5 Bf8 29. Bd2 Bd3 30. Qb2 Qxd1+ 31. Kg2 Bxf5 32. Bxc3 Qxd5+ 0-1


[Site "https://www.chess.com"]

[Event "Titled Tuesday Blitz November 01 Early 2022"]
[White "Narayanan, Srinath"]
[Black "Ljukin, Sergei"]
[WhiteFideId "5018420"]
[BlackFideId "14102200"]
[WhiteElo "2459"]
[BlackElo "2312"]
[Result "1-0"]
[Round "11"]
[TimeControl "180+1"]
[Date "2022.11.02"]
[WhiteClock "0:00:05"]
[BlackClock "0:00:01"]

1. d4 d5 2. Bf4 Nf6 3. e3 c5 4. Nd2 Nc6 5. Ngf3 Bg4 6. h3 Bh5 7. Bb5 Qb6 8. c4 dxc4 9. a4 cxd4 10. Nxc4 Qc5 11. g4 Qb4+ 12. Kf1 Bg6 13. Nxd4 Be4 14. f3 a6 15. Nb6 Rd8 16. Bc7 Rxd4 17. exd4 axb5 18. axb5 Qxb5+ 19. Kg1 e6 20. Ra8+ Ke7 21. fxe4 Nxe4 22. Qf3 f5 23. gxf5 exf5 24. Rh2 Nxd4 25. Qa3+ Kf7 26. Qa2+ Nb3 27. Rc2 Bc5+ 28. Kg2 Rxa8 29. Qxa8 Qc6 30. Qd8 Ned2+ 31. Qd5+ Qxd5+ 32. Nxd5 Ne4 33. Nf4 g5 34. Nd3 Bd4 35. Be5 Bxe5 36. Nxe5+ Ke6 37. Nf3 g4 38. Nh4 h5 39. Rc7 f4 40. hxg4 hxg4 41. Rxb7 f3+ 42. Nxf3 gxf3+ 43. Kxf3 Nec5 44. Rh7 Kd5 45. Ke3 Kc4 46. Rh2 Kb4 47. Rc2 Kb5 48. Kf4 Kb4 49. Ke5 Kb5 50. Kd5 Kb4 51. Rc3 Kb5 52. Rc4 Na6 53. Rc8 Nac5 54. Rb8+ Ka6 55. Kc4 1-0


[Site "https://www.chess.com"]

[Event "Titled Tuesday Blitz November 01 Early 2022"]
[White "Nurmanova, Alua"]
[Black "Molina, Roberto Junio Brito"]
[WhiteFideId "13729390"]
[BlackFideId "2109450"]
[WhiteElo "2088"]
[BlackElo "2388"]
[Result "0-1"]
[Round "11"]
[TimeControl "180+1"]
[Date "2022.11.01"]
[WhiteClock "0:00:10"]
[BlackClock "0:00:19"]

1. e4 c6 2. d4 d5 3. e5 Bf5 4. h4 Qb6 5. c4 dxc4 6. Na3 Bd3 7. Bxd3 cxd3 8. Qxd3 e6 9. Nc4 Qd8 10. Nf3 Nd7 11. O-O Nb6 12. Bg5 Qd5 13. Ne3 Qd7 14. Qb3 h6 15. Bf4 Ne7 16. Bh2 Ned5 17. Rac1 Be7 18. h5 O-O-O 19. a4 a5 20. Rfd1 Kb8 21. Nd2 Bb4 22. Ne4 Ka7 23. Nc5 Qe7 24. Nc4 Nxc4 25. Qxc4 g6 26. hxg6 fxg6 27. Nd3 g5 28. Kh1 Rhf8 29. Nxb4 Qxb4 30. Qe2 Qxa4 31. Ra1 Qb4 32. Bg3 b6 33. f3 Qb5 34. Qe4 Rf5 35. Be1 Kb7 36. Rdc1 Rd7 37. g4 Rf4 38. Qg6 Qf1+ 39. Kh2 Qe2+ 40. Kg1 Rxf3 41. Qxe6 Rf1# 0-1


[Site "https://www.chess.com"]

[Event "Titled Tuesday Blitz November 01 Early 2022"]
[White "Odegov, Artem"]
[Black "Izuzquiza Gonzalez, Javier"]
[WhiteFideId "34183644"]
[BlackFideId "3101029"]
[WhiteElo "2298"]
[BlackElo "2034"]
[Result "1-0"]
[Round "11"]
[TimeControl "180+1"]
[Date "2022.11.02"]
[WhiteClock "0:01:44"]
[BlackClock "0:00:22"]

1. b3 c5 2. Bb2 Nc6 3. f4 d5 4. Nf3 Nf6 5. e3 g6 6. Be2 Bg7 7. O-O O-O 8. d3 Ng4 9. Bxg7 Kxg7 10. Qd2 d4 11. e4 Ne3 12. Rf2 Nb4 13. Na3 Qa5 14. Nc4 Qd8 15. Nxe3 dxe3 16. Qc3+ Kg8 17. Rff1 Qd6 18. Ne5 f6 19. Nc4 Qd4 20. Qxd4 cxd4 21. Rfc1 b5 22. Na5 Bd7 23. a3 Na6 24. c3 e5 25. cxd4 exd4 26. Rc2 Rac8 27. Rac1 Rxc2 28. Rxc2 Rc8 29. Rxc8+ Bxc8 30. Nc6 Be6 31. Nxd4 Bd7 32. g3 Nc5 33. Kg2 a5 34. Kf3 a4 35. bxa4 Nxa4 36. Kxe3 Nc3 37. Bf1 Kf7 38. Nc2 Ke6 39. d4 Kd6 40. Kd3 Na4 41. Nb4 Nb2+ 42. Kc2 Na4 43. e5+ fxe5 44. fxe5+ Ke6 45. Bh3+ Ke7 46. Nd5+ Kd8 47. Bxd7 Kxd7 48. Kb3 Ke6 49. Nf4+ Kf5 50. e6 Nb6 51. e7 1-0


[Site "https://www.chess.com"]

[Event "Titled Tuesday Blitz November 01 Early 2022"]
[White "Orozbaev, Eldiar"]
[Black "Yeletsky, Ivan"]
[WhiteFideId "13802240"]
[BlackFideId "24180327"]
[WhiteElo "2244"]
[BlackElo "2391"]
[Result "0-1"]
[Round "11"]
[TimeControl "180+1"]
[Date "2022.11.01"]
[WhiteClock "0:00:02"]
[BlackClock "0:00:14"]

1. e4 Nf6 2. e5 Nd5 3. Nf3 d6 4. d4 dxe5 5. Nxe5 c6 6. Be2 Bf5 7. c3 Nd7 8. O-O e6 9. Nd2 Nxe5 10. dxe5 Nf4 11. Re1 Qg5 12. g3 O-O-O 13. Bf1 Bc5 14. Qf3 Nd3 15. Bxd3 Rxd3 16. Qe2 Rxg3+ 17. Kh1 Rh3 18. f3 Qh5 19. Nf1 Rd8 20. Be3 Bxe3 21. Nxe3 Bd3 22. Qg2 Qxf3 23. Rad1 Be4 24. Rxd8+ Kxd8 25. Qxf3 Rxf3 26. Kg1 Bd5 27. c4 Be4 28. b3 Rf4 29. Rd1+ Kc7 30. Rd2 Bg6 31. Kg2 Re4 32. Kg3 Rxe5 33. Kf4 Re4+ 34. Kf3 f5 35. c5 Bh5+ 36. Kf2 Re5 37. Nc4 Rd5 38. Rc2 Rxc5 39. Rc1 b5 40. Rg1 bxc4 0-1


[Site "https://www.chess.com"]

[Event "Titled Tuesday Blitz November 01 Early 2022"]
[White "Osinovsky, Stepan"]
[Black "Najdin, Danil"]
[WhiteFideId "4157354"]
[BlackFideId "4172426"]
[WhiteElo "2222"]
[BlackElo "2240"]
[Result "1/2-1/2"]
[Round "11"]
[TimeControl "180+1"]
[Date "2022.11.02"]
[WhiteClock "0:00:01"]
[BlackClock "0:00:02"]

1. Nf3 Nf6 2. g3 c5 3. Bg2 Nc6 4. O-O e6 5. d3 d5 6. Nbd2 Be7 7. e4 O-O 8. Re1 b5 9. e5 Nd7 10. h4 a5 11. h5 b4 12. h6 g6 13. Nf1 a4 14. a3 c4 15. d4 c3 16. bxc3 bxa3 17. Bxa3 Bxa3 18. Rxa3 Nb6 19. Ne3 Na5 20. Nd2 Ba6 21. Ng4 Nac4 22. Nxc4 Nxc4 23. Nf6+ Kh8 24. Ra1 Qa5 25. Qf3 a3 26. Nxd5 Qd8 27. Nb4 Ra7 28. Nc6 Bb7 29. Nxd8 Bxf3 30. Bxf3 Rxd8 31. Be2 Rc8 32. Reb1 Nb2 33. c4 Kg8 34. c5 f6 35. Bg4 Kf7 36. exf6 Kxf6 37. Re1 Re8 38. c6 a2 39. Be2 Ra5 40. c4 Rd8 41. c7 Rc8 42. Bg4 Ra6 43. d5 Rxc7 44. Rxe6+ Rxe6 45. Bxe6 Ra7 46. c5 Ke5 47. Bg8 Nd3 48. d6 Nxc5 49. Rxa2 Rxa2 50. Bxa2 Kxd6 51. Bg8 Ke7 52. Bxh7 Kf7 53. g4 Ne6 54. Kg2 Nf8 55. Bxg6+ Kxg6 1/2-1/2


[Site "https://www.chess.com"]

[Event "Titled Tuesday Blitz November 01 Early 2022"]
[White "Palacio,Igor Da Paz"]
[Black "Quirke, Jeffrey"]
[WhiteFideId "2121140"]
[BlackFideId "2013029"]
[WhiteElo "2126"]
[BlackElo "2182"]
[Result "0-1"]
[Round "11"]
[TimeControl "180+1"]
[Date "2022.11.02"]
[WhiteClock "0:00:02"]
[BlackClock "0:00:30"]

1. e4 c5 2. Nc3 g6 3. g3 Bg7 4. Bg2 Nc6 5. d3 Rb8 6. f4 d6 7. Nf3 Bd7 8. O-O b5 9. a3 a5 10. Bd2 b4 11. axb4 axb4 12. Na4 Nd4 13. c3 bxc3 14. Bxc3 Nh6 15. h3 O-O 16. g4 f5 17. gxf5 gxf5 18. e5 Nb5 19. d4 cxd4 20. Bxd4 Nxd4 21. Qxd4 Nf7 22. Rfe1 dxe5 23. Nxe5 Nxe5 24. fxe5 Be6 25. Qc5 f4 26. Rf1 Qd2 27. Qf2 Qe3 28. Qxe3 fxe3 29. Rxf8+ Rxf8 30. Nc5 Bc4 0-1


[Site "https://www.chess.com"]

[Event "Titled Tuesday Blitz November 01 Early 2022"]
[White "Pap, Gyula"]
[Black "Aizpurua, Patrick Emilio"]
[WhiteFideId "725323"]
[BlackFideId "6600522"]
[WhiteElo "2519"]
[BlackElo "2378"]
[Result "1-0"]
[Round "11"]
[TimeControl "180+1"]
[Date "2022.11.02"]
[WhiteClock "0:01:38"]
[BlackClock "0:00:17"]

1. d4 Nf6 2. c4 g6 3. Nc3 d6 4. e4 Bg7 5. Be2 O-O 6. Bg5 h6 7. Be3 c5 8. d5 a6 9. Qd2 Kh7 10. a4 Nbd7 11. h3 Rb8 12. Nf3 Ne8 13. O-O Nc7 14. Rfe1 Nf6 15. Bf4 Nd7 16. Bf1 Ne5 17. Nxe5 dxe5 18. Be3 b6 19. a5 bxa5 20. Na4 f5 21. f3 fxe4 22. fxe4 Ne8 23. Bxc5 Bd7 24. Nc3 Nd6 25. Be3 Rb4 26. c5 Nxe4 27. Nxe4 Rxe4 28. c6 Bc8 29. Qxa5 Qxa5 30. Rxa5 Rd8 31. Bf2 Rb4 32. Bc5 Rxb2 33. Bxe7 Rg8 34. d6 Bf5 35. d7 e4 36. Rxf5 gxf5 37. c7 Bd4+ 38. Kh1 Bf2 39. Rd1 e3 40. d8=Q e2 41. Qxg8+ 1-0


[Site "https://www.chess.com"]

[Event "Titled Tuesday Blitz November 01 Early 2022"]
[White "Papasimakopoulos, Alexandros"]
[Black "Zhu, Jiner"]
[WhiteFideId "4244125"]
[BlackFideId "8608059"]
[WhiteElo "2357"]
[BlackElo "2384"]
[Result "1/2-1/2"]
[Round "11"]
[TimeControl "180+1"]
[Date "2022.11.01"]
[WhiteClock "0:00:08"]
[BlackClock "0:00:04"]

1. d4 Nf6 2. c4 g6 3. Nc3 Bg7 4. e4 d6 5. f3 O-O 6. Nge2 c5 7. d5 e6 8. Ng3 exd5 9. cxd5 a6 10. a4 Nbd7 11. Be2 h5 12. Bg5 Qc7 13. Qd2 Re8 14. O-O Nh7 15. Bh4 Ne5 16. h3 c4 17. f4 Nd7 18. Kh1 Rb8 19. e5 dxe5 20. f5 Nc5 21. fxg6 fxg6 22. Bxc4 Kh8 23. d6 Qc6 24. Bf7 Bxh3 25. Bxg6 Re6 26. Be4 Rxd6 27. Qc2 Nxe4 28. Ngxe4 Bg4 29. Nxd6 Qxd6 30. Ne4 Qd5 31. Rae1 Rc8 32. Nc3 Qd7 33. Qg6 Rc6 34. Qf7 Rc7 35. Qxd7 Rxd7 36. Ne4 Rd4 37. Nc3 Kg8 38. Re4 Rd7 39. Rfe1 Nf8 40. Bg3 Ng6 41. Rc4 Rd3 42. Ne4 Rb3 43. Rc7 Bf5 44. Nd6 Bg4 45. Kh2 h4 46. Rxg7+ Kxg7 47. Bxe5+ Nxe5 48. Rxe5 Kf6 49. Re4 Bd7 50. Rxh4 Rxb2 51. Rh6+ Kg7 52. Rh4 Bc6 53. Nf5+ Kf6 54. Ne3 Re2 55. Rh3 Bxa4 56. Rf3+ Ke5 57. Ng4+ Ke6 58. Rf6+ Ke7 59. Rf3 Bc6 60. Rg3 a5 61. Ne3 a4 62. Nc4 b5 63. Ne3 Ke6 64. Nd1 Ke5 65. Nc3 Rc2 66. Nxb5 Bxb5 67. Rg5+ Kd4 68. Rxb5 a3 69. Ra5 a2 70. Kh3 Kc4 71. g4 Kb4 72. Rxa2 Rxa2 73. g5 Kc5 74. Kg4 Kd6 75. Kf5 Ke7 76. Kg6 Rh2 77. Kg7 Ke6 78. g6 Ke7 79. Kg8 Kf6 80. g7 Rg2 81. Kh8 Rh2+ 82. Kg8 Ra2 83. Kh8 Rh2+ 84. Kg8 1/2-1/2


[Site "https://www.chess.com"]

[Event "Titled Tuesday Blitz November 01 Early 2022"]
[White "Parpiev, Isaak"]
[Black "Yuan, Qingyu"]
[WhiteFideId "34281576"]
[BlackFideId "8609772"]
[WhiteElo "2100"]
[BlackElo "2359"]
[Result "0-1"]
[Round "11"]
[TimeControl "180+1"]
[Date "2022.11.01"]
[WhiteClock "0:00:01"]
[BlackClock "0:00:05"]

1. e4 c6 2. d4 d5 3. exd5 cxd5 4. c4 Nf6 5. Nc3 Nc6 6. Nf3 a6 7. c5 g6 8. Be2 Bg7 9. O-O Ne4 10. a3 O-O 11. Bf4 Bg4 12. h3 Bxf3 13. Bxf3 Bxd4 14. Nxe4 dxe4 15. Bxe4 Bxc5 16. Qc2 Bd6 17. Bh6 Re8 18. Rfd1 Qc7 19. Rac1 Rac8 20. Qb3 Be5 21. Rd3 Bf6 22. Re1 Na5 23. Qd1 Red8 24. b4 Nc4 25. Qe2 b5 26. Rf3 Rd7 27. Rg3 Qe5 28. Qf3 Rcd8 29. Bf4 Qb2 30. Qg4 Ne5 31. Bxe5 Qxe5 32. h4 h5 33. Qf3 Kg7 34. Rh3 Qb2 35. Rg3 Rd2 36. Qxh5 Qe5 37. Qxe5 Bxe5 38. Rf3 Bf6 39. Bd3 Bxh4 0-1


[Site "https://www.chess.com"]

[Event "Titled Tuesday Blitz November 01 Early 2022"]
[White "Petrovic, Aleksa"]
[Black "Horcajuelo Rocamora, Martin"]
[WhiteFideId "967629"]
[BlackFideId "24573027"]
[WhiteElo "2242"]
[BlackElo "2094"]
[Result "1-0"]
[Round "11"]
[TimeControl "180+1"]
[Date "2022.11.02"]
[WhiteClock "0:01:44"]
[BlackClock "0:00:40"]

1. e4 e5 2. Nf3 Nc6 3. Bc4 Nf6 4. Ng5 d5 5. exd5 Na5 6. Bb5+ c6 7. dxc6 bxc6 8. Be2 h6 9. Nh3 Bc5 10. d3 O-O 11. Nc3 Be6 12. Bf3 Rc8 13. Ng1 Nb7 14. Nge2 Nd6 15. Ng3 Qb6 16. O-O Bb4 17. Be3 c5 18. Nce4 Ndxe4 19. Nxe4 Nxe4 20. Bxe4 f5 21. Bf3 Rfd8 22. a3 Ba5 23. b4 f4 24. bxa5 Qd6 25. Bd2 c4 26. Bb4 Qd4 27. dxc4 Qxc4 28. Qe1 Qc7 29. Rd1 Re8 30. Qe4 Qf7 31. Qxe5 Bc4 32. Qd4 Bxf1 33. Bd5 1-0


[Site "https://www.chess.com"]

[Event "Titled Tuesday Blitz November 01 Early 2022"]
[White "Pinheiro, Iung Alicio de O."]
[Black "Aarav Dengla"]
[WhiteFideId "2104350"]
[BlackFideId "45059756"]
[WhiteElo "2283"]
[BlackElo "2257"]
[Result "1-0"]
[Round "11"]
[TimeControl "180+1"]
[Date "2022.11.02"]
[WhiteClock "0:00:14"]
[BlackClock "0:00:12"]

1. e4 c5 2. Nf3 d6 3. Nc3 Nf6 4. e5 dxe5 5. Nxe5 Nbd7 6. d4 Nxe5 7. dxe5 Qxd1+ 8. Kxd1 Ng4 9. Bb5+ Bd7 10. e6 Bxb5 11. Nxb5 O-O-O+ 12. Ke2 a6 13. Nc3 fxe6 14. Ne4 b6 15. Ng5 Rd5 16. c4 Rd4 17. f3 Ne5 18. b3 Nc6 19. Bb2 Rd7 20. Nxe6 Rd6 21. Ng5 Rg6 22. h4 h6 23. Nf7 Rxg2+ 24. Kf1 Rxb2 25. Nxh8 Nd8 26. Ng6 Ne6 27. Re1 Kd7 28. Rg1 Rxa2 29. Rg4 Nd4 30. Nxf8+ Ke8 31. Rxd4 cxd4 32. Ne6 d3 33. Rd1 d2 34. Ke2 Kf7 35. Nd4 a5 36. Rxd2 Ra1 37. Nb5 Rh1 38. Rd4 Rh2+ 39. Kd3 Rf2 40. Rf4+ Kg6 41. Nd4 e5 42. Rg4+ Kh7 43. Ne6 Rxf3+ 44. Kc2 g6 45. Re4 Rf2+ 46. Kc3 Rf3+ 47. Kb2 Rf5 48. Nc7 Rf4 49. Rxe5 Rxh4 50. Re7+ Kg8 51. Nd5 Rh2+ 52. Ka3 Rf2 53. Nxb6 h5 54. c5 h4 55. c6 Rc2 56. Nc4 h3 57. c7 Rf2 58. c8=Q+ Rf8 59. Qe6+ Rf7 60. Qxf7+ 1-0


[Site "https://www.chess.com"]

[Event "Titled Tuesday Blitz November 01 Early 2022"]
[White "Rios Escobar, Adan"]
[Black "Celestino, Rafael Teixeira"]
[WhiteFideId "3403645"]
[BlackFideId "2108925"]
[WhiteElo "2345"]
[BlackElo "2408"]
[Result "1-0"]
[Round "11"]
[TimeControl "180+1"]
[Date "2022.11.02"]
[WhiteClock "0:00:35"]
[BlackClock "0:00:09"]

1. d4 d5 2. c4 e6 3. g3 Nf6 4. Bg2 Bb4+ 5. Nd2 Ne4 6. Nh3 f5 7. O-O O-O 8. Nxe4 fxe4 9. f3 exf3 10. exf3 Nc6 11. c5 e5 12. a3 Ba5 13. b4 Bxb4 14. axb4 Nxd4 15. Bb2 Qf6 16. f4 Nc6 17. fxe5 Qh6 18. Bxd5+ Be6 19. Nf4 Bxd5 20. Qxd5+ Kh8 21. Rad1 Nxb4 22. Qxb7 Nc2 23. e6 Ne3 24. e7 Nxf1 25. Qxa8 Qxh2+ 26. Kxf1 Qh1+ 27. Qxh1 1-0


[Site "https://www.chess.com"]

[Event "Titled Tuesday Blitz November 01 Early 2022"]
[White "Rohith Krishna S"]
[Black "Amgalantengis, Enkh-Amgalan"]
[WhiteFideId "46617051"]
[BlackFideId "4903536"]
[WhiteElo "2270"]
[BlackElo "1772"]
[Result "1-0"]
[Round "11"]
[TimeControl "180+1"]
[Date "2022.11.01"]
[WhiteClock "0:02:24"]
[BlackClock "0:01:59"]

1. d4 Nf6 2. c4 g6 3. Nc3 Bg7 4. e4 O-O 5. e5 Ne8 6. f4 d6 7. Nf3 c5 8. d5 Bg4 9. exd6 Nxd6 10. h3 Bxf3 11. Qxf3 Na6 12. a3 Nf5 13. Nb5 Nc7 14. Nxc7 Qxc7 15. Bd3 Nd4 16. Qf2 e6 17. O-O exd5 18. cxd5 Rad8 19. Bc4 b5 20. Ba2 c4 21. Bd2 Rxd5 22. Bc3 Rfd8 23. Rae1 Nf5 24. Bxg7 Kxg7 25. Kh1 h5 26. Bb1 Rd2 27. Qf3 Qc5 28. Re5 Qd4 29. Bxf5 gxf5 30. Qxh5 Rd1 31. Qg5+ Kf8 32. Rxd1 Qxd1+ 33. Kh2 Rd2 34. Qh6+ Kg8 35. Re8# 1-0


[Site "https://www.chess.com"]

[Event "Titled Tuesday Blitz November 01 Early 2022"]
[White "Romero Ruscalleda, Josep"]
[Black "Omariev, Maksim"]
[WhiteFideId "2231859"]
[BlackFideId "4193423"]
[WhiteElo "2293"]
[BlackElo "2408"]
[Result "0-1"]
[Round "11"]
[TimeControl "180+1"]
[Date "2022.11.02"]
[WhiteClock "0:00:01"]
[BlackClock "0:00:03"]

1. e4 c5 2. c3 Nf6 3. e5 Nd5 4. Nf3 Nc6 5. Bc4 Nb6 6. Bb3 c4 7. Bc2 Qc7 8. Qe2 g5 9. h3 Bg7 10. O-O Nxe5 11. Re1 d6 12. a4 g4 13. Nxe5 Bxe5 14. hxg4 Rg8 15. a5 Nd5 16. d4 cxd3 17. Qxd3 Be6 18. g5 O-O-O 19. Na3 Kb8 20. Nb5 Qd7 21. Ba4 Qc8 22. f4 Qc5+ 23. Kh1 Nxf4 24. Qe3 Qxe3 25. Bxe3 a6 26. Nd4 Rxg5 27. Nxe6 Rh5+ 28. Kg1 Nxe6 29. Re2 Rg8 30. Rf1 Rh4 31. Bb3 Rg7 32. Bd5 Rhg4 33. Bf3 Ra4 34. Bh6 Rg6 35. Bc1 Rxa5 36. Be4 Rf6 37. Rxf6 Bxf6 38. Bxh7 Rh5 39. Be4 Re5 40. Bd2 Nc5 41. Bf3 Nd3 42. b4 Rf5 43. Be4 Nf4 44. Rf2 Re5 45. Rxf4 Re6 46. Bf5 Re5 0-1


[Site "https://www.chess.com"]

[Event "Titled Tuesday Blitz November 01 Early 2022"]
[White "Rose, Felix"]
[Black "Begunov, Konstantin"]
[WhiteFideId "5105722"]
[BlackFideId "4118510"]
[WhiteElo "2039"]
[BlackElo "2225"]
[Result "0-1"]
[Round "11"]
[TimeControl "180+1"]
[Date "2022.11.02"]
[WhiteClock "0:00:09"]
[BlackClock "0:00:18"]

1. e4 c5 2. Nf3 d6 3. d4 cxd4 4. Nxd4 Nf6 5. Nc3 a6 6. Be3 Ng4 7. Bc1 Nc6 8. h3 Nf6 9. Be3 e6 10. g4 Be7 11. Bg2 Qc7 12. Qd2 Ne5 13. b3 Rb8 14. a4 b6 15. f4 Ned7 16. e5 dxe5 17. Nc6 exf4 18. Bxf4 e5 19. Bg3 Bb7 20. Nxb8 Bxg2 21. Nxd7 Bxh1 22. Nxf6+ gxf6 23. O-O-O Bb4 24. Rxh1 Bxc3 25. Qh6 Qd6 26. Rf1 Ke7 27. Bh4 e4 28. Qe3 Qe5 29. Bxf6+ Qxf6 30. Rxf6 Bxf6 31. Qxe4+ Kf8 32. Qf5 Kg7 33. g5 Bc3 34. h4 Re8 35. Qf1 Re1+ 36. Qxe1 Bxe1 37. Kd1 Bxh4 38. g6 hxg6 39. Ke2 a5 40. Kd3 Bf2 41. Kc4 Kf6 42. c3 g5 43. Kb5 g4 44. b4 axb4 45. cxb4 g3 46. a5 bxa5 47. bxa5 g2 48. a6 g1=Q 49. Kc6 Qb1 50. Kc7 Qb6+ 51. Kc8 Qxa6+ 52. Kb8 Qa7+ 53. Kc8 Ke6 54. Kd8 Qd7# 0-1


[Site "https://www.chess.com"]

[Event "Titled Tuesday Blitz November 01 Early 2022"]
[White "Rosenberg, Evan S"]
[Black "Ronka, Erik"]
[WhiteFideId "2019299"]
[BlackFideId "505080"]
[WhiteElo "2384"]
[BlackElo "2264"]
[Result "0-1"]
[Round "11"]
[TimeControl "180+1"]
[Date "2022.11.02"]
[WhiteClock "0:00:04"]
[BlackClock "0:00:05"]

1. d4 Nf6 2. Nf3 g6 3. Nc3 Bg7 4. e4 d6 5. Be2 O-O 6. O-O Nc6 7. d5 Nb8 8. Be3 c6 9. a4 Nbd7 10. h3 cxd5 11. exd5 Nc5 12. Re1 a5 13. Nd4 Bd7 14. Bb5 Rc8 15. Qe2 Bxb5 16. axb5 Nfd7 17. Nb3 Nxb3 18. cxb3 Rxc3 19. bxc3 Bxc3 20. Bh6 Re8 21. Qd1 Bxa1 22. Qxa1 f6 23. Be3 Kf7 24. b6 Nxb6 25. Qxa5 Nd7 26. Qa2 b5 27. Qe2 Qb8 28. Bd4 Nf8 29. b4 Qb7 30. Qe4 Qd7 31. g4 e5 32. dxe6+ Rxe6 33. Qd5 Ke7 34. Ra1 Qc8 35. Ra7+ Nd7 36. Ra8 Qc4 37. Qxc4 bxc4 38. Ra7 Re4 39. Bxf6+ Kxf6 40. Rxd7 Ke6 41. Rxh7 c3 42. Rc7 Re1+ 43. Kg2 Rc1 44. b5 d5 45. b6 d4 46. b7 Rb1 47. Kf3 Ke5 48. Ke2 Kd5 49. Kd3 Rd1+ 50. Kc2 Re1 51. b8=Q Re2+ 52. Kd3 Rd2# 0-1


[Site "https://www.chess.com"]

[Event "Titled Tuesday Blitz November 01 Early 2022"]
[White "Rosh Jain"]
[Black "Zacurdajev, Dmitry"]
[WhiteFideId "25789465"]
[BlackFideId "4196309"]
[WhiteElo "2233"]
[BlackElo "2179"]
[Result "0-1"]
[Round "11"]
[TimeControl "180+1"]
[Date "2022.11.02"]
[WhiteClock "0:00:42"]
[BlackClock "0:01:02"]

1. e4 c6 2. Nc3 d5 3. Nf3 dxe4 4. Nxe4 Nf6 5. Qe2 Nxe4 6. Qxe4 Qd5 7. Qxd5 cxd5 8. Bb5+ Bd7 9. Bxd7+ Nxd7 10. d4 e6 11. Bf4 Rc8 12. O-O-O Nb6 13. c3 Nc4 14. Ne5 b5 15. Kb1 a5 16. Rhe1 Nxe5 17. Bxe5 Kd7 18. Re3 Rg8 19. Rde1 Be7 20. Bg3 b4 21. cxb4 Bxb4 22. Rc1 Bd2 23. Rxc8 Rxc8 24. b3 Rc1+ 25. Kb2 Bxe3 26. fxe3 Rg1 27. Ka3 Rxg2 28. Bf4 g5 29. Be5 Re2 30. Bf6 g4 31. Be5 Kc6 32. Bf4 Kb5 33. b4 axb4+ 34. Kb3 h5 35. a4+ bxa3 36. Kxa3 Kc4 37. e4 dxe4 38. d5 exd5 39. h3 gxh3 40. Bc1 h2 41. Bb2 h1=Q 42. Ka2 Qd1 43. Ka3 Qb3# 0-1


[Site "https://www.chess.com"]

[Event "Titled Tuesday Blitz November 01 Early 2022"]
[White "Safin, Robert"]
[Black "Osmonbekov, Talaibek"]
[WhiteFideId "34189120"]
[BlackFideId "2017253"]
[WhiteElo "2219"]
[BlackElo "2135"]
[Result "1-0"]
[Round "11"]
[TimeControl "180+1"]
[Date "2022.11.02"]
[WhiteClock "0:01:00"]
[BlackClock "0:00:04"]

1. e4 c5 2. c3 d5 3. exd5 Qxd5 4. d4 Nf6 5. Nf3 e6 6. Na3 Be7 7. Nb5 Na6 8. Be2 O-O 9. O-O cxd4 10. Qxd4 b6 11. Rd1 Qxd4 12. Nfxd4 Bb7 13. Bf4 Nc5 14. f3 Nd5 15. Bd6 Rfd8 16. Bxe7 Nxe7 17. Kf2 a6 18. Na3 b5 19. Nac2 Na4 20. Rab1 Rd7 21. Nxb5 Rxd1 22. Rxd1 Bd5 23. Nc7 Nxb2 24. Rxd5 Nxd5 25. Nxa8 Nxc3 26. a3 a5 27. Nb6 Kf8 28. Nc4 Nba4 29. Nxa5 f6 30. Nc4 Ke7 31. Nd2 f5 32. Nc4 Kf6 33. h4 h6 34. N2e3 g5 35. hxg5+ hxg5 36. Bd3 Nc5 37. Bc2 1-0


[Site "https://www.chess.com"]

[Event "Titled Tuesday Blitz November 01 Early 2022"]
[White "Salem, A.R. Saleh"]
[Black "Kamsky, Gata"]
[WhiteFideId "9301348"]
[BlackFideId "2000024"]
[WhiteElo "2628"]
[BlackElo "2666"]
[Result "0-1"]
[Round "11"]
[TimeControl "180+1"]
[Date "2022.11.01"]
[WhiteClock "0:00:02"]
[BlackClock "0:00:20"]

1. d4 f5 2. c4 Nf6 3. Nc3 d6 4. Bg5 Nbd7 5. Qc2 g6 6. O-O-O Bg7 7. h4 c6 8. Nh3 Qa5 9. Nf4 Nb6 10. e3 e5 11. h5 O-O 12. dxe5 dxe5 13. h6 Bh8 14. Nxg6 hxg6 15. h7+ Kf7 16. g4 Be6 17. gxf5 Bxf5 18. Qb3 Be6 19. Bh3 Qc5 20. Bxe6+ Kxe6 21. Rh4 Rad8 22. Rg1 Kd7 23. Bxf6 Bxf6 24. Ne4 Qe7 25. Rh6 Kc7 26. Rhxg6 Nd7 27. Rh6 Nc5 28. Nxc5 Qxc5 29. Qc2 Bh8 30. a3 b5 31. Kb1 Qxc4 32. Qxc4 bxc4 33. Rc1 Rxf2 34. Rxc4 Rd6 35. Rhh4 e4 36. Rb4 Rdd2 37. Rhxe4 Rxb2+ 38. Rxb2 Rxb2+ 39. Kc1 Rh2 40. Re7+ Kb6 41. e4 a5 42. e5 Kc5 43. a4 Kd5 44. e6 Kd6 45. Ra7 Kxe6 46. Kd1 Kd5 47. Rxa5+ c5 48. Ra7 c4 49. Rb7 c3 50. a5 Be5 51. a6 c2+ 52. Kc1 Bf4+ 0-1


[Site "https://www.chess.com"]

[Event "Titled Tuesday Blitz November 01 Early 2022"]
[White "Sanchez, Robert"]
[Black "Sovetbekova, Nurai"]
[WhiteFideId "2034360"]
[BlackFideId "13801910"]
[WhiteElo "2400"]
[BlackElo "1925"]
[Result "1-0"]
[Round "11"]
[TimeControl "180+1"]
[Date "2022.11.02"]
[WhiteClock "0:00:51"]
[BlackClock "0:00:50"]

1. e4 c5 2. Nf3 d6 3. d4 cxd4 4. Nxd4 Nf6 5. Nc3 a6 6. Be3 e5 7. Nb3 Be7 8. f3 Be6 9. Qd2 b5 10. O-O-O Nbd7 11. g4 Nb6 12. g5 Nfd7 13. Nd5 Nxd5 14. exd5 Bf5 15. Na5 Nc5 16. Nc6 Qd7 17. Kb1 Rc8 18. Bxc5 dxc5 19. Nxe5 Qc7 20. d6 Bxd6 21. Qxd6 Qxd6 22. Rxd6 Ke7 23. Rd1 Ke6 24. Nd3 c4 25. Nf4+ Ke5 26. Ng2 b4 27. f4+ Ke6 28. Ne3 Bg6 29. Bh3+ Ke7 30. Nd5+ Kf8 31. Bxc8 1-0


[Site "https://www.chess.com"]